 Dungeon Crawl Stone Soup version 0.17.1-1-g73c8601 (webtiles) character file.

101 Implojin the Cudgeler (level 5, -1/41 HPs)
             Began as a Formicid Fighter on Apr 8, 2016.
             Splashed by a jelly's acid (9 damage)
             ... on level 7 of the Dungeon.
             The game lasted 00:01:50 (212 turns).

Implojin the Cudgeler (Formicid Fighter)             Turns: 212, Time: 00:01:50

Health: -1/41      AC:  4    Str: 21    XL:     5   Next: 4%
Magic:  5/5        EV:  7    Int:  7    God:
Gold:   17         SH:  9    Dex: 11    Spells: 0 memorised, 4 levels left

rFire  . . .     SeeInvis +     a - +0 flail
rCold  . . .     Clarity  .     b - +0 scale mail
rNeg   . . .     SustAt   .     c - +0 shield
rPois  .         Gourm    .     (helmet unavailable)
rElec  .         Spirit   .     (no cloak)
rCorr  .         Warding  .     j - +0 pair of gloves
rMut   .         Stasis   +     (no boots)
MR     .....                    (no amulet)
Stlth  ..........               (no ring)
                                (no ring)

@: corroded equipment, not resistant to hostile enchantments, extremely
unstealthy
A: permanent stasis, dig shafts and tunnels, four strong arms, antennae 3
a: Dig, Shaft Self


You were on level 7 of the Dungeon.
You were full.

You visited 1 branch of the dungeon, and saw 6 of its levels.

You collected 17 gold pieces.

Inventory:

Hand Weapons
 a - a +0 flail (weapon)
 g - a +2 whip of venom
Missiles
 l - 7 tomahawks (quivered)
Armour
 b - a +0 scale mail (worn)
 c - a +0 shield (worn)
 j - a +0 pair of gloves (worn)
Jewellery
 h - an uncursed amulet of the gourmand {unknown}
 i - an uncursed ring of wizardry {unknown}
Potions
 e - a potion of ambrosia {unknown}
 f - a potion of curing
Comestibles
 d - 4 chunks of flesh
 k - a beef jerky


   Skills:
 - Level 3.2 Fighting
 * Level 4.8 Maces & Flails
 - Level 3.2 Armour
 - Level 3.6 Shields


You had 4 spell levels left.
You didn't know any spells.

Dungeon Overview and Level Annotations

Branches:
Dungeon (7/15)
 Temple: D:4-7

Altars:


Innate Abilities, Weirdness & Mutations

You are under a permanent stasis effect.
You can dig through walls and to a lower floor.
Your four strong arms can wield two-handed weapons with a shield.
You have a pair of large antennae on your head (SInv).


Message History

You see here a pair of gloves.
j - a pair of gloves
k - a beef jerky You see here 7 tomahawks.
l - 7 tomahawks Wear which item? (? for menu, Esc to quit)
You start putting on your armour.
You continue putting on your pair of gloves. x4
You finish putting on your +0 pair of gloves.
Unknown command.
Are you sure you want to shaft yourself?
Unknown command.
Are you sure you want to shaft yourself?
You begin to dig a shaft.
You continue digging a shaft.
A shaft appears beneath you!
You fall through a shaft for 2 floors!
The shaft crumbles and collapses.
A jelly comes into view.
The jelly quivers.
Found a beef jerky and 34 gold pieces.
Unknown command.
Unknown command.
You hit the jelly.
Your hands burn!
* * * LOW HITPOINT WARNING * * *
The jelly is lightly wounded.
The jelly hits you.
* * * LOW HITPOINT WARNING * * *
You are splashed with acid!
The acid corrodes you!
The acid burns!
* * * LOW HITPOINT WARNING * * *
You hit the jelly.
Your hands burn!
* * * LOW HITPOINT WARNING * * *
The jelly is moderately wounded.
The jelly closely misses you.
Drink which item? (? for menu, Esc to quit)
Okay, then.
You aren't carrying any spellbooks or scrolls.
The jelly hits you.
* * * LOW HITPOINT WARNING * * *
You are splashed with acid!
The acid burns!
You die...

#.###.........
#........%......
#$.##............
##.....$......
#.............
#.............
#.............
##...J........
###..@......#
##...###### #####


You could see a jelly.

Vanquished Creatures
  An ogre (D:4)
  An adder (D:3)
  A worm (D:2)
  An orc (D:3)
  A bat (D:2)
  A giant cockroach (D:2)
  2 kobolds
8 creatures vanquished.

Notes
Turn   | Place    | Note
--------------------------------------------------------------
     0 | D:1      | Implojin the Formicid Fighter began the quest for the Orb.
     0 | D:1      | Reached XP level 1. HP: 18/18 MP: 1/1
    46 | D:2      | Reached XP level 2. HP: 18/24 MP: 2/2
    51 | D:2      | You fall through a shaft for 2 floors!
    62 | D:5      | Entered Level 5 of the Dungeon
    68 | D:4      | Noticed an ogre
    68 | D:4      | HP: 1/24 [ogre/giant club (19)]
    93 | D:4      | Killed an ogre
    93 | D:4      | Reached skill level 4 in Maces & Flails
    93 | D:4      | Reached XP level 3. HP: 2/29 MP: 3/3
    93 | D:4      | Reached XP level 4. HP: 2/35 MP: 4/4
   124 | D:3      | Reached XP level 5. HP: 4/41 MP: 5/5
   202 | D:5      | You fall through a shaft for 2 floors!
   212 | D:7      | Splashed by a jelly's acid

Action                   |  1- 3 |  4- 6 || total
-------------------------+-------+-------++-------
Melee: Flail             |    25 |     9 ||    34
 Abil: Dig               |     1 |       ||     1
       Shaft Self        |     1 |     1 ||     2
  Use: Potion            |     1 |     1 ||     2
  Eat: Bread ration      |       |     1 ||     1

Table legend:
 A = Turns spent in this place as a percentage of turns spent in the entire game.
 B = Non-inter-level travel turns spent in this place as a percentage of non-inter-level travel turns spent in the entire game.
 C = Inter-level travel turns spent in this place as a percentage of turns spent in this place.
 D = Turns resting spent in this place as a percentage of non-inter-level travel turns spent in this place.
 E = Turns spent auto-exploring this place as a percentage of non-inter-level travel turns spent in this place.
 F = Non-inter-level travel turns spent in this place divided by the number of levels of this place that you've seen.
                   A       B       C       D       E      F
               +-------+-------+-------+-------+-------+----------------------
         Total | 100.0 | 100.0 |   0.0 |   0.0 |   0.0 |  35.0
       Dungeon | 100.0 | 100.0 |   0.0 |   0.0 |   0.0 |  35.0
               +-------+-------+-------+-------+-------+----------------------

Table legend:
 A = Kills in this place as a percentage of kills in entire the game.
 B = Kills by you in this place as a percentage of kills by you in the entire game.
 C = Kills by friends in this place as a percentage of kills by friends in the entire game.
 D = Other kills in this place as a percentage of other kills in the entire game.
 E = Experience gained in this place as a percentage of experience gained in the entire game.
 F = Experience gained in this place divided by the number of levels of this place that you have seen.
                   A       B       C       D       E      F
               +-------+-------+-------+-------+-------+----------------------
         Total | 100.0 | 100.0 |  -nan |  -nan | 100.0 |  24.2
       Dungeon | 100.0 | 100.0 |  -nan |  -nan | 100.0 |  24.2
               +-------+-------+-------+-------+-------+----------------------
